 Dungeon Crawl Stone Soup version 0.31.0-11-ge490571c62 (webtiles) character file.

Game seed: 6626427950304669462

102 Aldia the Trooper (level 4, 0/46 HPs)
             Began as an Oni Warper on Jan 28, 2024.
             Slain by Terence
             ... wielding a +0 hand axe
              (8 damage)
             ... on level 2 of the Dungeon.
             The game lasted 00:02:20 (1602 turns).

Aldia the Trooper (Oni Warper)                      Turns: 1602, Time: 00:02:20

Health: 0/46       AC:  3    Str: 17    XL:     4   Next: 77%
Magic:  7/7        EV: 10    Int: 14    God:
Gold:   40         SH:  0    Dex:  8    Spells: 6/8 levels left

rFire   . . .        a - +0 mace
rCold   . . .        (no shield)
rNeg    . . .        b - +0 robe
rPois   .            (helmet currently unavailable)
rElec   .            (cloak currently unavailable)
rCorr   .            (gloves unavailable)
SInv    .            (boots unavailable)
Will    .....        (no amulet)
Stlth   +            (no ring)
HPRegen 0.27/turn    (no ring)
MPRegen 0.10/turn

%: no passive effects
@: beast-form
A: beast (slay +0), large, unfitting armour, horns 1, tough skin 1, double
potion healing, drunken brawling
a: Begin Untransformation


You were on level 2 of the Dungeon.
You were a hulking beast.
You visited 1 branch of the dungeon, and saw 2 of its levels.

You collected 40 gold pieces.

Inventory:

Hand Weapons
 a - a +0 mace (weapon)
Missiles
 d - 7 darts of dispersal (quivered)
 f - 5 poisoned darts
Armour
 b - a +0 robe (worn)
Talismans
 l - a beast talisman (active)
Scrolls
 c - a scroll of blinking
 e - a scroll of enchant armour {unknown}
 g - a scroll of teleportation {unknown}
 h - a scroll of amnesia {unknown}
 i - a scroll of fear
 j - a scroll of identify {unknown}
Potions
 k - a potion of cancellation {unknown}
 m - a potion of invisibility {unknown}


   Skills:
 + Level 3.6 Fighting
 * Level 3.4 Maces & Flails
 - Level 1.0 Throwing
 + Level 2.7 Dodging
 - Level 2.5 Spellcasting
 + Level 3.1 Translocations


You had 6 spell levels left.
You knew the following spells:

 Your Spells              Type           Power      Damage    Failure   Level
a - Blink                 Tloc           20%        N/A       10%         2

Your spell library contained the following spells:

 Spells                   Type           Power      Damage    Failure   Level
 Lesser Beckoning         Tloc           20%        N/A       10%         2
 Teleport Other           Tloc           10%        N/A       19%         3
 Manifold Assault         Tloc           10%        N/A       52%         4
 Vhi's Electric Charge    Tloc/Air       12%        N/A       75%         4


Dungeon Overview and Level Annotations

Branches:
Dungeon (2/15)

Altars:
Cheibriados

Annotations:
D:2 Terence


Innate Abilities, Weirdness & Mutations

You are a hulking beast.
Your limbs bulge with bestial killing power. (Slay +0)
You are too large for most types of armour.
You have a pair of small horns on your head.
You have tough skin. (AC +1)
You gain doubled healing and magic from potions.
Whenever you drink a healing potion, you attack all around you.


Message History

Terence hits you with a +0 hand axe. Terence barely misses you.
You hit Terence but do no damage. Terence hits you with a +0 hand axe!
You hit Terence but do no damage. Terence barely misses you.
You hit Terence but do no damage. Terence barely misses you.
You barely miss Terence. You headbutt Terence, but do no damage.
Terence barely misses you.
You hit Terence but do no damage. Terence hits you with a +0 hand axe.
Terence closely misses you.
You are too injured to fight recklessly!
You are too injured to fight recklessly!
You are too injured to fight recklessly!
You are too injured to fight recklessly!
You are too injured to fight recklessly!
You are too injured to fight recklessly!
You are too injured to fight recklessly!
You closely miss Terence. Terence hits you with a +0 hand axe.
You hit Terence but do no damage. You headbutt Terence, but do no damage.
Terence hits you with a +0 hand axe.
You hit Terence.
Terence is lightly wounded.
Terence hits you with a +0 hand axe.
You barely miss Terence.
Terence is lightly wounded.
Terence closely misses you.
You closely miss Terence.
Terence is lightly wounded.
Terence hits you with a +0 hand axe.
* * * LOW HITPOINT WARNING * * *
Terence hits you but does no damage.
You closely miss Terence. Your headbutt misses Terence.
Terence closely misses you.
You hit Terence but do no damage. You headbutt Terence.
Terence is lightly wounded.
Terence hits you with a +0 hand axe.
* * * LOW HITPOINT WARNING * * *
You hit Terence.
Terence is moderately wounded.
Terence hits you with a +0 hand axe!
You die...
Terence says, "Time to find some more victims."

######### #######
#.......# #......
#.......# #......
#.......# #......
#......)#######.....
+.@h....'.....'.....
#..#....#######.....
.)..###....# #.....
##... #.....# #.....
.... ##....## #....#
..... ##....##
#....# ....
#......## #....#
....
##......########
##.#........# #


You could see Terence.

Vanquished Creatures
  A hound (D:2)
  Jessica (D:2)
  A ribbon worm (D:2)
  5 ball pythons
  4 endoplasms (D:1)
  2 giant cockroaches (D:2)
  4 hobgoblins
  4 jackals (D:2)
  5 kobolds
  3 quokkas
  2 bats
  3 frilled lizards (D:1)
  2 goblins
  4 rats (D:1)
41 creatures vanquished.

Notes
Turn   | Place    | Note
-------+----------+-------------------------------------------
     0 | D:1      | Aldia the Oni Warper began the quest for the Orb.
     0 | D:1      | Reached XP level 1. HP: 22/22 MP: 3/3
   145 | D:1      | Reached XP level 2. HP: 29/29 MP: 3/5
   148 | D:1      | Learned a level 2 spell: Blink
   316 | D:1      | Found a faded altar of an unknown god.
   932 | D:1      | Reached XP level 3. HP: 36/37 MP: 6/6
  1156 | D:2      | Noticed Jessica
  1158 | D:2      | Found a snail-covered altar of Cheibriados.
  1167 | D:2      | HP: 1/37 [Jessica/+0 dagger of venom (7)]
  1169 | D:2      | Killed Jessica
  1170 | D:2      | Reached XP level 4. HP: 15/45 MP: 7/7
  1582 | D:2      | Noticed Terence
  1602 | D:2      | Slain by Terence

Illustrated notes

Levels and vault maps discovered:
D:1:      scummos_arrival_simple_crosswalls, layout_basic,
          ebering_ecumenical_altar_mist
D:2:      layout_basic, basic_altar, serial_shops, nicolae_shop_stone,
          nicolae_figureground_sparkle, uniq_jessica, uniq_terence

Skill      XL: |  1  2  3 |
---------------+----------+-----
Fighting       | 3 |  3.6
Maces & Flails | 3 |  3.4
Translocations | 3 |  3.1
Throwing       | |  1.0
Dodging        | |  2.7
Spellcasting   | |  2.5

Action                     |  1- 3 |  4- 6 || total
---------------------------+-------+-------++-------
  Melee: Mace              |    78 |    57 ||   135
         Headbutt          |    10 |     7 ||    17
    Use: Scroll            |     1 |       ||     1
         Potion            |     1 |       ||     1
 Armour: Robe              |    49 |    39 ||    88
  Dodge: Dodged            |    40 |    32 ||    72
   Form: Beast             |     1 |       ||     1
